[Event "Titled Tuesday Blitz March 21 Late 2023"]
[White "Goltsev, Dmitry"]
[Black "Fernandez Siles, Luis"]
[WhiteFideId "24176710"]
[BlackFideId "2209420"]
[WhiteElo "2336"]
[BlackElo "2186"]
[Result "1-0"]
[Round "01"]
[TimeControl "180+2"]
[Date "2023.03.21"]
[WhiteClock "0:00:06"]
[BlackClock "0:00:01"]

1. e4 c5 2. Nf3 Nc6 3. d4 cxd4 4. Nxd4 Nf6 5. Nc3 e5 6. Nf5 d5 7. exd5 Bxf5 8. dxc6 bxc6 9. Bd3 Bxd3 10. Qxd3 Qxd3 11. cxd3 O-O-O 12. Ke2 Nd5 13. Be3 Kb7 14. Rac1 Be7 15. a3 h6 16. Rc2 Bg5 17. Rhc1 Bxe3 18. fxe3 Nxc3+ 19. Rxc3 Rd6 20. b4 a6 21. a4 Re8 22. g3 f6 23. b5 axb5 24. axb5 Ree6 25. g4 Kb6 26. bxc6 Rxc6 27. Rb3+ Kc7 28. Rcb1 Rb6 29. Kf3 Rxb3 30. Rxb3 Ra6 31. Ke4 g6 32. h4 Kd6 33. h5 Ra4+ 34. Kf3 gxh5 35. gxh5 Rh4 36. Rb6+ Ke7 37. Ra6 Rxh5 38. Ke4 Rh3 39. d4 exd4 40. exd4 Rh5 41. d5 Rh4+ 42. Kf5 Rh5+ 43. Ke4 Rh4+ 44. Kd3 h5 45. Re6+ Kf7 46. Re1 Ra4 47. Kc3 h4 48. d6 Ra6 49. Rd1 Ke8 50. Kc4 Kd7 51. Kc5 Rc6+ 52. Kb4 Rxd6 53. Rh1 Rd4+ 54. Kc5 Re4 55. Kd5 f5 56. Rf1 Ra4 57. Ke5 Ra5+ 58. Kf4 Ke6 59. Rh1 Kf6 60. Rb1 Ra4+ 61. Kf3 Kg5 62. Rb8 Ra3+ 63. Kg2 Kf4 64. Rb4+ Kg5 65. Rb8 h3+ 66. Kh2 Kg4 67. Rg8+ Kf4 68. Rc8 Kf3 69. Rh8 Kf2 70. Rf8 Rf3 71. Ra8 f4 72. Ra2+ Ke3 73. Ra3+ Ke4 74. Ra4+ Kf5 75. Ra5+ Kg4 76. Ra8 Rf2+ 77. Kg1 Rb2 78. Ra3 Rc2 79. Rb3 Re2 80. Ra3 Re3 81. Ra8 Kg3 82. Rg8+ Kf3 83. Kh2 Re1 84. Ra8 Rd1 85. Ra3+ Ke2 86. Kxh3 f3 87. Kg3 Rg1+ 88. Kh2 Rg2+ 89. Kh1 Rg8 90. Ra2+ Ke3 91. Ra3+ Kf2 92. Ra2+ Kg3 93. Kg1 Rc8 94. Rg2+ Kf4 95. Ra2 1-0


[Site "https://www.chess.com"]

[Event "Titled Tuesday Blitz March 21 Late 2023"]
[White "Garcia Cuenca, Victor"]
[Black "Spata, German"]
[WhiteFideId "2250829"]
[BlackFideId "113026"]
[WhiteElo "2329"]
[BlackElo "2238"]
[Result "0-1"]
[Round "01"]
[TimeControl "180+2"]
[Date "2023.03.21"]
[WhiteClock "0:00:12"]
[BlackClock "0:00:12"]

1. d4 d5 2. e3 Nf6 3. c4 c6 4. Nc3 a6 5. cxd5 cxd5 6. Bd3 Nc6 7. h3 e6 8. Nf3 Bd6 9. O-O O-O 10. Qe2 e5 11. dxe5 Nxe5 12. Nxe5 Bxe5 13. Rd1 Bc7 14. b3 Qd6 15. f4 Re8 16. Qf2 Bd7 17. a4 Bb6 18. Ne2 Ne4 19. Bxe4 Rxe4 20. Qf3 Rae8 21. Nd4 Qb4 22. Bd2 Qe7 23. Rac1 Bxd4 24. exd4 Rxd4 25. Bc3 Rxd1+ 26. Rxd1 Bc6 27. Bd4 Qe2 28. Rd3 Qxf3 29. Rxf3 Re4 30. Bb2 f6 31. g3 Re2 32. Bd4 Kf7 33. Rd3 Bd7 34. h4 Bf5 35. Rc3 Be4 36. Kf1 Rg2 37. Bf2 Rh2 38. Rc7+ Kg6 39. Rxb7 Rh1+ 40. Bg1 h5 41. Re7 Kf5 42. Rxe4 dxe4 43. Kg2 Rxg1+ 44. Kxg1 a5 45. Kf2 Ke6 46. Ke3 f5 47. Kd4 Kd6 48. b4 axb4 49. Kc4 e3 50. Kd3 b3 51. Kxe3 Kc5 52. Kd3 Kb4 53. a5 Kxa5 54. Kc3 Ka4 55. Kb2 Kb4 56. Kb1 Kc3 0-1


[Site "https://www.chess.com"]

[Event "Titled Tuesday Blitz March 21 Late 2023"]
[White "Zamorano, Jorge"]
[Black "Kalajzic, Ivan"]
[WhiteFideId "173770"]
[BlackFideId "14506378"]
[WhiteElo "2331"]
[BlackElo "2203"]
[Result "1-0"]
[Round "01"]
[TimeControl "180+2"]
[Date "2023.03.21"]
[WhiteClock "0:00:21"]
[BlackClock "0:00:06"]

1. e4 Nc6 2. Nf3 d6 3. d4 Bg4 4. d5 Ne5 5. Be2 Nxf3+ 6. gxf3 Bh5 7. c4 g6 8. Nc3 Bg7 9. Be3 c5 10. f4 Nf6 11. e5 Bxe2 12. Qxe2 Nh5 13. O-O-O O-O 14. Rhg1 a6 15. Rg5 Kh8 16. Ne4 f5 17. Rxh5 fxe4 18. Rg5 Rf5 19. Rxf5 gxf5 20. Qh5 Qf8 21. Rg1 dxe5 22. Rg5 exf4 23. Rxf5 Bf6 24. Bxf4 Qg7 25. Qe2 Qg6 26. Qxe4 Qg1+ 27. Kc2 Qxf2+ 28. Bd2 Qd4 29. Qxd4 Bxd4 30. b4 Rc8 31. Bc3 Bxc3 32. Kxc3 b5 33. cxb5 axb5 34. Rf7 cxb4+ 35. Kxb4 Rc4+ 36. Kxb5 Re4 37. a4 Kg8 38. Rf3 Re2 39. Ra3 Rxh2 40. a5 Rb2+ 41. Kc6 Rb8 42. a6 Kg7 43. a7 Ra8 44. Kb7 Rd8 45. a8=Q Rxa8 46. Rxa8 Kf6 47. Kc6 h5 48. Kc5 Ke5 49. Rh8 1-0


[Site "https://www.chess.com"]

[Event "Titled Tuesday Blitz March 21 Late 2023"]
[White "Pniaczek, Marek"]
[Black "Sai Krishna G V"]
[WhiteFideId "21800421"]
[BlackFideId "5028280"]
[WhiteElo "2138"]
[BlackElo "2359"]
[Result "0-1"]
[Round "01"]
[TimeControl "180+2"]
[Date "2023.03.21"]
[WhiteClock "0:00:03"]
[BlackClock "0:00:04"]

1. e4 c5 2. Nf3 d6 3. d4 cxd4 4. Qxd4 Nf6 5. Bb5+ Nc6 6. Bg5 Bd7 7. Bxc6 bxc6 8. e5 dxe5 9. Nxe5 Nd5 10. O-O f6 11. Nxd7 Qxd7 12. Bd2 e5 13. Qa4 Bc5 14. Nc3 Nb6 15. Qe4 O-O 16. Rad1 Bd4 17. Ne2 f5 18. Qd3 c5 19. Qh3 e4 20. Bc3 Qf7 21. Nxd4 cxd4 22. Rxd4 Qxa2 23. Qg3 Rf7 24. Rfd1 Raf8 25. Rd8 Nd7 26. Rxf8+ Nxf8 27. h3 f4 28. Qg4 e3 29. fxe3 fxe3 30. Rd8 Qb1+ 31. Kh2 Qxc2 32. Re8 Qg6 33. Rxf8+ Kxf8 34. Qc8+ Ke7 35. Qc7+ Ke6 36. Qc6+ Kf5 37. Qd5+ Kf4 38. Be5+ Kg5 0-1


[Site "https://www.chess.com"]

[Event "Titled Tuesday Blitz March 21 Late 2023"]
[White "Popov, Mikhail"]
[Black "Bogaudinov, Rushan"]
[WhiteFideId "4146182"]
[BlackFideId "4129288"]
[WhiteElo "2270"]
[BlackElo "1949"]
[Result "1/2-1/2"]
[Round "01"]
[TimeControl "180+2"]
[Date "2023.03.21"]
[WhiteClock "0:00:17"]
[BlackClock "0:00:22"]

1. d4 d5 2. Nf3 e6 3. c4 Nf6 4. Nc3 Be7 5. Bf4 a6 6. cxd5 Nxd5 7. Nxd5 Qxd5 8. a3 c5 9. e3 Nc6 10. dxc5 Qxd1+ 11. Rxd1 Bxc5 12. b4 Be7 13. Be2 O-O 14. O-O h6 15. Ne5 Nxe5 16. Bxe5 Rd8 17. Rxd8+ Bxd8 18. Rd1 Be7 19. Bc7 Kf8 20. Bf3 Ke8 21. Bb6 Bd7 22. Rc1 Rc8 23. Rc7 Rxc7 24. Bxc7 Bc6 25. Bxc6+ bxc6 26. Kf1 c5 27. bxc5 Bxc5 28. a4 Kd7 29. Be5 f6 30. Bc3 Kc6 31. Ke2 Kd5 32. Kd3 Bd6 33. Bd4 h5 34. e4+ Kc6 35. h3 Be7 36. Kc4 g5 37. g4 hxg4 38. hxg4 Bd8 39. f3 Be7 40. Bc3 Bd8 41. Bb4 Bc7 42. Bc3 Be5 43. Bxe5 fxe5 44. a5 Kd6 45. Kb4 Kc6 46. Kc4 Kd6 47. Kb4 Kc6 48. Kc4 1/2-1/2


[Site "https://www.chess.com"]

[Event "Titled Tuesday Blitz March 21 Late 2023"]
[White "Rosenberg, Evan S"]
[Black "Zarubitski, Viachaslau"]
[WhiteFideId "2019299"]
[BlackFideId "13509373"]
[WhiteElo "2323"]
[BlackElo "2284"]
[Result "1-0"]
[Round "01"]
[TimeControl "180+2"]
[Date "2023.03.21"]
[WhiteClock "0:00:03"]
[BlackClock "0:00:16"]

1. d4 Nf6 2. Nf3 e6 3. g3 d5 4. Bg2 c5 5. O-O Nc6 6. c4 Be7 7. dxc5 Bxc5 8. a3 a5 9. Nc3 d4 10. Na4 Ba7 11. c5 e5 12. Bg5 O-O 13. Qc2 h6 14. Bxf6 Qxf6 15. Nd2 Bf5 16. Be4 Be6 17. f4 exf4 18. Rxf4 Qe7 19. Raf1 Rac8 20. Bh7+ Kh8 21. Bf5 Ne5 22. b4 axb4 23. axb4 Bxf5 24. Qxf5 Nc6 25. b5 Nd8 26. Qxc8 Qe3+ 27. Kg2 Ne6 28. Qxb7 Nxf4+ 29. Rxf4 Qxd2 30. Qxa7 Qxe2+ 31. Rf2 Qxb5 32. Qe7 Ra8 33. Nb6 Qc6+ 34. Kh3 Re8 35. Qxf7 d3 36. Nd7 Rd8 37. Ne5 d2 38. Nxc6 d1=Q 39. Nxd8 Kh7 40. Qf5+ Kh8 41. Nf7+ Kg8 42. Nxh6+ gxh6 43. Qf8+ Kh7 44. Rf7+ Kg6 45. Qg7+ Kh5 46. Rf5# 1-0


[Site "https://www.chess.com"]

[Event "Titled Tuesday Blitz March 21 Late 2023"]
[White "Papasimakopoulos, Alexandros"]
[Black "Leschinsky, Gary"]
[WhiteFideId "4244125"]
[BlackFideId "30951321"]
[WhiteElo "2359"]
[BlackElo "1855"]
[Result "1/2-1/2"]
[Round "01"]
[TimeControl "180+2"]
[Date "2023.03.21"]
[WhiteClock "0:00:10"]
[BlackClock "0:00:18"]

1. d4 d5 2. c4 e6 3. Nc3 Nf6 4. cxd5 exd5 5. Bg5 c6 6. e3 Bd6 7. Qc2 O-O 8. Bd3 h6 9. Bh4 Re8 10. Nf3 a5 11. O-O Na6 12. a3 Nc7 13. Bg3 Bg4 14. Ne5 Be6 15. f4 Bc8 16. Bh4 Be7 17. h3 Ne6 18. Kh1 Nf8 19. g4 Ne4 20. Bxe7 Qxe7 21. Nxe4 dxe4 22. Bc4 Be6 23. f5 Bxc4 24. Qxc4 Nd7 25. Nxd7 Qxd7 26. Kg2 a4 27. Rad1 Ra5 28. Rf2 Qd6 29. Rdd2 h5 30. g5 Qd7 31. g6 Rxf5 32. gxf7+ Qxf7 33. Qxf7+ Rxf7 34. Rxf7 Kxf7 35. Rc2 Rd8 36. Rc5 Rd5 37. Rc4 Rb5 38. Rxa4 Rxb2+ 39. Kg3 g5 40. h4 gxh4+ 41. Kxh4 Kg6 42. Ra8 Rb3 43. Rg8+ Kf7 44. Rb8 b5 45. Kxh5 Rxe3 46. Rb6 Rc3 47. Kg4 e3 48. Kf3 Ke7 49. Rb8 Kd7 50. Ra8 Kc7 51. a4 Kb7 52. Re8 bxa4 53. Re7+ Ka6 54. Re6 Kb6 55. d5 Kb5 56. dxc6 Rxc6 57. Re5+ Kb4 58. Kxe3 Rc3+ 59. Kd2 Rc8 60. Re7 a3 61. Rb7+ Ka4 62. Ra7+ Kb3 63. Rb7+ Ka2 64. Ra7 Kb2 65. Rb7+ Ka1 66. Rb6 Rc5 67. Rb8 Rc4 68. Kd1 Ka2 69. Kd2 Rh4 70. Kc2 Rh2+ 71. Kc1 Rb2 72. Ra8 Rb4 73. Ra7 Kb3 74. Kb1 Rh4 75. Rb7+ Ka4 76. Rb8 Rh1+ 77. Ka2 Rh2+ 78. Ka1 Rg2 79. Rb7 Rf2 80. Rb8 Rf5 81. Ra8+ Kb4 82. Rb8+ Kc3 83. Rc8+ Kb3 84. Rb8+ Ka4 85. Rb7 Rf1+ 86. Ka2 Rf2+ 87. Ka1 Rf4 88. Ka2 Rf2+ 89. Ka1 Rc2 90. Kb1 Rc4 91. Ka2 Rb4 92. Ra7+ Kb5 93. Kxa3 Rh4 94. Rb7+ Kc6 95. Rb3 Rg4 96. Rf3 Kb5 97. Kb3 Rh4 98. Rf5+ Kb6 99. Rg5 Rf4 100. Kc3 Re4 101. Kd3 Rh4 102. Rf5 Ra4 103. Kc3 Rh4 104. Rg5 Rf4 105. Rh5 Ra4 106. Kb3 Rf4 107. Rg5 Re4 108. Rg6+ Kb5 109. Kc3 Rc4+ 110. Kd3 Rh4 111. Rg5+ Kb6 112. Rd5 Rg4 113. Rd4 Rxd4+ 114. Kxd4 1/2-1/2


[Site "https://www.chess.com"]

[Event "Titled Tuesday Blitz March 21 Late 2023"]
[White "K2JW"]
[Black "Rostomyan, Mikayel"]
[BlackFideId "13313754"]
[WhiteElo "2321"]
[BlackElo "2009"]
[Result "0-1"]
[Round "01"]
[TimeControl "180+2"]
[Date "2023.03.21"]
[WhiteClock "0:00:08"]
[BlackClock "0:00:28"]

1. d4 d5 2. c4 e5 3. dxe5 Ne7 4. e3 Nbc6 5. Nf3 Be6 6. cxd5 Qxd5 7. Qxd5 Nxd5 8. a3 a6 9. Bd2 O-O-O 10. Nc3 h6 11. O-O-O g5 12. Nxd5 Bxd5 13. Bc3 Bg7 14. Nd4 Nxe5 15. Nf5 Bb3 16. Rxd8+ Rxd8 17. Bxa6 bxa6 18. Nxg7 Nd3+ 19. Kb1 Nxf2 20. Rf1 Ne4 21. Nf5 Nxc3+ 22. bxc3 Rd2 23. Nd4 Bc4 24. Rf6 h5 25. g3 Rxh2 26. Rf5 Bd3+ 27. Kc1 Bxf5 28. Nxf5 h4 29. gxh4 gxh4 0-1


[Site "https://www.chess.com"]

[Event "Titled Tuesday Blitz March 21 Late 2023"]
[White "Gunduz, Umut Erdem"]
[Black "Shtompel, Yuriy"]
[WhiteFideId "6381383"]
[BlackFideId "14168278"]
[WhiteElo "2182"]
[BlackElo "1844"]
[Result "1-0"]
[Round "01"]
[TimeControl "180+2"]
[Date "2023.03.21"]
[WhiteClock "0:00:13"]
[BlackClock "0:00:03"]

1. e4 c5 2. Nf3 d6 3. d4 cxd4 4. Nxd4 Nf6 5. Nc3 a6 6. Bg5 e6 7. f4 Nbd7 8. Qf3 Be7 9. O-O-O Qc7 10. g4 h6 11. Bxf6 Bxf6 12. h4 Bxd4 13. Rxd4 Qc5 14. Rd1 b5 15. Bd3 Bb7 16. g5 b4 17. Ne2 a5 18. g6 f6 19. Kb1 a4 20. c3 a3 21. Nd4 Ke7 22. Nb3 Qa7 23. cxb4 axb2 24. Na5 Qb6 25. a3 Rxa5 26. bxa5 Qxa5 27. Bc2 Nc5 28. Rd4 Rc8 29. Rb4 Bc6 30. Qc3 Qa8 31. Re1 Nxe4 32. Qxb2 d5 33. Bxe4 dxe4 34. Rb6 Bd5 35. Qb4+ Ke8 36. Qb5+ Kf8 37. Qb4+ Kg8 38. Rc1 Rd8 39. Qc5 e3 40. Qxe3 Be4+ 41. Ka1 Bd5 42. Qc5 Re8 43. Qb4 Rd8 44. Qe7 Re8 45. Qb4 Rc8 46. Rb1 Rd8 47. Rb8 Rxb8 48. Qxb8+ Qxb8 49. Rxb8# 1-0


[Site "https://www.chess.com"]

[Event "Titled Tuesday Blitz March 21 Late 2023"]
[White "Jiganchine, Roman"]
[Black "Ozer, Omer Faruk"]
[WhiteFideId "2603667"]
[BlackFideId "6354564"]
[WhiteElo "2316"]
[BlackElo "2260"]
[Result "0-1"]
[Round "01"]
[TimeControl "180+2"]
[Date "2023.03.21"]
[WhiteClock "0:00:07"]
[BlackClock "0:01:09"]

1. e4 d6 2. d4 Nf6 3. Nc3 g6 4. Nf3 Bg7 5. Be3 a6 6. Qd2 b5 7. Bd3 Bb7 8. Bh6 Bxh6 9. Qxh6 b4 10. Nd5 Nxd5 11. exd5 Bxd5 12. Qg7 Rf8 13. Ng5 Kd7 14. Nxh7 Rg8 15. Qh6 Rh8 16. Qh3+ e6 17. a3 Nc6 18. c4 bxc3 19. bxc3 Na5 20. O-O Qe7 21. c4 Nxc4 22. Bxc4 Bxc4 23. Qf3 f5 24. Qc3 Bxf1 25. d5 Qxh7 26. Qc6+ Ke7 27. Qxc7+ Kf6 28. Qc3+ e5 29. h3 Bb5 30. Qc7 Qxc7 0-1


[Site "https://www.chess.com"]

[Event "Titled Tuesday Blitz March 21 Late 2023"]
[White "O`Gorman, Tom"]
[Black "Itkis, Boris"]
[WhiteFideId "2508249"]
[BlackFideId "1209167"]
[WhiteElo "2271"]
[BlackElo "2216"]
[Result "1-0"]
[Round "01"]
[TimeControl "180+2"]
[Date "2023.03.21"]
[WhiteClock "0:00:26"]
[BlackClock "0:00:44"]

1. Nf3 d5 2. c4 d4 3. e3 Nc6 4. exd4 Nxd4 5. Nxd4 Qxd4 6. Nc3 e5 7. d3 Nf6 8. Be3 Qd6 9. Be2 c6 10. O-O Be7 11. d4 exd4 12. Qxd4 O-O 13. Rad1 Qb4 14. Rd2 Be6 15. a3 Qb3 16. Qd3 Rfd8 17. Qc2 Bxc4 18. Bxc4 Qxc4 19. Rxd8+ Bxd8 20. Rd1 Bb6 21. Bxb6 axb6 22. Qf5 h6 23. h3 Qc5 24. Qf4 Re8 25. Qc7 Re7 26. Qd8+ Kh7 27. Na4 Qc2 28. Nc3 Re6 29. Qxb6 Nd5 30. Qd4 Nxc3 31. bxc3 Re4 32. Qd7 Re2 33. Rf1 Qb3 34. Qd3+ 1-0


[Site "https://www.chess.com"]

[Event "Titled Tuesday Blitz March 21 Late 2023"]
[White "Vifleemskaia, Svetlana"]
[Black "Vetoshko, Volodymyr"]
[WhiteFideId "4129490"]
[BlackFideId "14122480"]
[WhiteElo "1930"]
[BlackElo "2422"]
[Result "0-1"]
[Round "01"]
[TimeControl "180+2"]
[Date "2023.03.21"]
[WhiteClock "0:01:19"]
[BlackClock "0:00:50"]

1. d4 Nf6 2. c4 e6 3. Nc3 d5 4. cxd5 exd5 5. Bg5 Bb4 6. e3 h6 7. Bh4 g5 8. Bg3 Ne4 9. Qc2 h5 10. f3 Nxg3 11. hxg3 Qe7 12. e4 dxe4 13. Qxe4 Be6 14. Bb5+ c6 15. Bd3 Nd7 16. Ne2 O-O-O 17. a3 Bd6 18. O-O-O Kb8 19. Kb1 Nf6 0-1


[Site "https://www.chess.com"]

[Event "Titled Tuesday Blitz March 21 Late 2023"]
[White "Jessel, Stephen"]
[Black "Smith, Garrett L"]
[WhiteFideId "628859"]
[BlackFideId "2024829"]
[WhiteElo "2268"]
[BlackElo "2313"]
[Result "1-0"]
[Round "01"]
[TimeControl "180+2"]
[Date "2023.03.21"]
[WhiteClock "0:00:11"]
[BlackClock "0:00:17"]

1. g3 c5 2. c4 Nc6 3. Bg2 e5 4. b3 Nf6 5. Bb2 d6 6. Nc3 Be6 7. Nf3 h6 8. O-O Be7 9. e3 d5 10. cxd5 Nxd5 11. d4 cxd4 12. exd4 Nxc3 13. Bxc3 exd4 14. Nxd4 Nxd4 15. Qxd4 Qxd4 16. Bxd4 O-O 17. Bxb7 Rab8 18. Bf3 a5 19. Kg2 Rfd8 20. Rfd1 Rb4 21. Bc3 Rb5 22. Rxd8+ Bxd8 23. Rd1 Be7 24. h4 Rc5 25. Be1 Rc2 26. Rd2 Rc1 27. Re2 Bf6 28. Bxa5 Bf5 29. Bd2 Ra1 30. Be3 Bd3 31. Rd2 Bf1+ 32. Kh2 Bc3 33. Rd1 Rxd1 34. Bxd1 Ba6 35. Bc5 f6 36. a4 Kf7 37. b4 Ke6 38. Bb3+ Kd7 39. b5 Bb7 40. Bc4 g5 41. hxg5 hxg5 42. Bb6 Be5 43. a5 g4 44. a6 Ba8 45. Bc5 f5 46. Be3 Bf3 47. b6 Kc8 48. b7+ Kb8 49. Be6 Be4 50. Bc8 1-0


[Site "https://www.chess.com"]

[Event "Titled Tuesday Blitz March 21 Late 2023"]
[White "Coelho, Ramyres Santana"]
[Black "Kurtz, Eric M"]
[WhiteFideId "2120690"]
[BlackFideId "30939763"]
[WhiteElo "1888"]
[BlackElo "2631"]
[Result "0-1"]
[Round "01"]
[TimeControl "180+2"]
[Date "2023.03.21"]
[WhiteClock "0:00:56"]
[BlackClock "0:01:00"]

1. e4 d6 2. d4 Nf6 3. Nc3 g6 4. f3 c6 5. Be3 Nbd7 6. Qd2 b5 7. O-O-O Nb6 8. g4 h5 9. g5 Nfd7 10. Kb1 b4 11. Nce2 Nc4 12. Qc1 Nxe3 13. Qxe3 Bg7 14. f4 O-O 15. f5 c5 16. Nf3 Bb7 17. d5 Nb6 18. Nf4 Na4 19. fxg6 Nxb2 20. gxf7+ Rxf7 21. Rd2 Na4 22. Ne6 Nc3+ 23. Kc1 Qa5 24. Rd3 Nxa2+ 25. Kd2 b3+ 26. Ke2 bxc2 27. Bh3 c1=Q 28. Rxc1 Nxc1+ 29. Qxc1 Ba6 30. Ne1 Qa2+ 31. Kd1 Bxd3 32. Nxd3 Qxh2 33. Nef4 Qg1+ 34. Kc2 Qxc1+ 35. Kxc1 Rxf4 36. Nxf4 Bd4 37. Be6+ Kg7 38. g6 Be3+ 39. Kc2 Bxf4 40. Bf5 h4 0-1


[Site "https://www.chess.com"]

[Event "Titled Tuesday Blitz March 21 Late 2023"]
[White "Kakabayev, Mergen"]
[Black "Stachanczyk, Jacek"]
[WhiteFideId "14002990"]
[BlackFideId "1116657"]
[WhiteElo "2259"]
[BlackElo "2084"]
[Result "1-0"]
[Round "01"]
[TimeControl "180+2"]
[Date "2023.03.21"]
[WhiteClock "0:02:31"]
[BlackClock "0:00:52"]

1. e4 c5 2. Nf3 d6 3. d4 cxd4 4. Nxd4 Nf6 5. Nc3 Nc6 6. f3 g6 7. Be3 Bg7 8. Qd2 O-O 9. O-O-O d5 10. Qe1 e5 11. Nxc6 bxc6 12. exd5 Nxd5 13. Bc4 Be6 14. Bc5 Re8 15. Ne4 h6 16. Kb1 Qc7 17. Bb3 f5 18. Nd6 Red8 19. c4 Rxd6 20. Bxd6 Qxd6 21. cxd5 cxd5 22. Qa5 Rd8 23. Rxd5 Bxd5 24. Rd1 1-0


[Site "https://www.chess.com"]

[Event "Titled Tuesday Blitz March 21 Late 2023"]
[White "sebastianmarinp"]
[Black "Tregubov, Pavel V."]
[BlackFideId "4115341"]
[WhiteElo "2308"]
[BlackElo "2425"]
[Result "0-1"]
[Round "01"]
[TimeControl "180+2"]
[Date "2023.03.21"]
[WhiteClock "0:00:04"]
[BlackClock "0:00:12"]

1. e4 e6 2. d4 d5 3. Nc3 Bb4 4. e5 c5 5. a3 Ba5 6. b4 cxd4 7. Nb5 Bc7 8. f4 Ne7 9. Nf3 Bd7 10. Bb2 O-O 11. Nfxd4 Bxb5 12. Bxb5 Nbc6 13. Bd3 Bb6 14. c3 Nxd4 15. cxd4 Nc6 16. O-O g6 17. Be2 Rc8 18. Kh1 Qh4 19. g3 Qe7 20. Rc1 Rc7 21. Qd2 Rfc8 22. Rcd1 Qd8 23. Bb5 Ne7 24. Bd3 Nf5 25. Bb1 Rc4 26. Qf2 h5 27. h3 Kg7 28. Kh2 Qd7 29. Rd2 Qa4 30. Rfd1 a5 31. Kg2 axb4 32. g4 bxa3 33. Ba1 hxg4 34. hxg4 Nh6 35. Qh4 Bd8 36. Qg3 a2 37. Bd3 Rc3 38. Bxc3 Rxc3 39. Qf3 a1=Q 40. Rxa1 Qxa1 41. Qe3 Qc1 42. f5 Nxg4 43. f6+ Nxf6 44. exf6+ Bxf6 0-1


[Site "https://www.chess.com"]

[Event "Titled Tuesday Blitz March 21 Late 2023"]
[White "Vlassov, Nikolai"]
[Black "Bolanos, Fernando"]
[WhiteFideId "4103360"]
[BlackFideId "3304094"]
[WhiteElo "2324"]
[BlackElo "2166"]
[Result "1-0"]
[Round "01"]
[TimeControl "180+2"]
[Date "2023.03.21"]
[WhiteClock "0:00:47"]
[BlackClock "0:00:28"]

1. e4 c5 2. c3 e5 3. Nf3 Nc6 4. Bc4 Nf6 5. Ng5 d5 6. exd5 Nxd5 7. d4 cxd4 8. Qf3 Be6 9. Nxe6 fxe6 10. O-O Nf6 11. Bxe6 Bc5 12. Bg5 Qe7 13. Bd5 e4 14. Bxf6 exf3 15. Bxe7 Bxe7 16. Bxf3 O-O-O 17. Bxc6 bxc6 18. cxd4 Rxd4 19. Nc3 Bf6 20. Rfd1 Rhd8 21. Kf1 Rd2 22. Rxd2 Rxd2 23. Ne4 Rxb2 24. Nxf6 gxf6 25. a4 Kc7 26. Ra3 a5 27. Rh3 Ra2 28. Rxh7+ Kb6 29. Rh4 c5 30. Rc4 Rb2 31. h4 Rb4 32. Rxb4+ axb4 33. Ke2 c4 34. h5 Ka5 35. h6 b3 36. h7 b2 37. h8=Q b1=Q 38. Qa8+ Kb4 39. Qb7+ 1-0


[Site "https://www.chess.com"]

[Event "Titled Tuesday Blitz March 21 Late 2023"]
[White "Prieto Aranguren, Alain"]
[Black "Alex_Sahakyan2006"]
[WhiteFideId "2268906"]
[WhiteElo "2209"]
[BlackElo "2624"]
[Result "0-1"]
[Round "01"]
[TimeControl "180+2"]
[Date "2023.03.21"]
[WhiteClock "0:00:02"]
[BlackClock "0:00:07"]

1. d4 Nf6 2. c4 e6 3. Nc3 Bb4 4. e3 O-O 5. Bd3 d5 6. Nf3 b6 7. O-O Ba6 8. cxd5 Bxd3 9. Qxd3 exd5 10. Ne5 c5 11. Bd2 Bxc3 12. Bxc3 Nbd7 13. f4 Ne4 14. dxc5 Nxe5 15. Bxe5 Nxc5 16. Qd1 Ne4 17. Bd4 Rc8 18. Rc1 Qd7 19. Qb3 h5 20. Rfd1 Qe6 21. Be5 Rxc1 22. Rxc1 Rd8 23. Rc7 Rc8 24. Qc2 Rxc7 25. Qxc7 Qg4 26. h3 Qg3 27. Bd4 Qg6 28. Qxa7 Ng3 29. Qxb6 Qb1+ 30. Kh2 Nf1+ 31. Kg1 Nxe3+ 32. Kh2 Nf1+ 33. Kg1 Nd2+ 34. Kh2 Nf1+ 35. Kg1 Ng3+ 36. Kh2 Nf5 37. Qd8+ Kh7 38. Be5 f6 39. Qe8 fxe5 40. Qxh5+ Nh6 41. Qxe5 Qxa2 42. f5 Ng8 43. Qxd5 Qxd5 0-1


[Site "https://www.chess.com"]

[Event "Titled Tuesday Blitz March 21 Late 2023"]
[White "Gontcharov, Vladislav"]
[Black "TigranHH"]
[WhiteFideId "4123492"]
[WhiteElo "2470"]
[BlackElo "2293"]
[Result "1-0"]
[Round "01"]
[TimeControl "180+2"]
[Date "2023.03.21"]
[WhiteClock "0:00:11"]
[BlackClock "0:00:02"]

1. d4 Nf6 2. c4 e6 3. Nc3 d5 4. Bg5 Be7 5. e3 h6 6. Bh4 Nbd7 7. Rc1 c6 8. Bd3 O-O 9. Nge2 Nh5 10. Bxe7 Qxe7 11. O-O dxc4 12. Bxc4 e5 13. Bb3 Nhf6 14. Ng3 Nb6 15. Re1 Bg4 16. f3 Bd7 17. e4 Rad8 18. dxe5 Qxe5 19. Qe2 Nh5 20. Nxh5 Qxh5 21. Qe3 Rfe8 22. Ne2 Qe5 23. Rc5 Qxb2 24. Ra5 Nc8 25. Nf4 b6 26. Rh5 Nd6 27. g4 Re5 28. Re2 Qa1+ 29. Kg2 c5 30. Rd2 c4 31. Rxd6 cxb3 32. axb3 Rxh5 33. Nxh5 Qb2+ 34. Rd2 Qe5 35. Ng3 Qc7 36. Qd4 Kf8 37. Nf5 f6 38. h4 Ke8 39. Nxg7+ Kf7 40. Nf5 h5 41. g5 Qe5 42. g6+ Kxg6 43. Qxe5 fxe5 44. Kf2 Kf6 45. Ke3 Kf7 46. Rd6 Ke8 47. Ng3 Ke7 48. Rh6 Rc8 49. Rh7+ Kd6 50. Kd2 Rf8 51. Ke3 Rc8 52. Nxh5 Rc3+ 53. Kf2 Rxb3 54. Nf6 Be6 55. Ne8+ Kc5 56. Rc7+ Kd4 57. Re7 Bc4 58. Nd6 b5 59. Nf5+ Kc3 60. h5 1-0


[Site "https://www.chess.com"]

[Event "Titled Tuesday Blitz March 21 Late 2023"]
[White "victormago"]
[Black "Zhurbinsky, David"]
[BlackFideId "2072904"]
[WhiteElo "2293"]
[BlackElo "2623"]
[Result "1-0"]
[Round "01"]
[TimeControl "180+2"]
[Date "2023.03.21"]
[WhiteClock "0:00:24"]
[BlackClock "0:00:15"]

1. d4 Nf6 2. c4 e6 3. Nc3 Bb4 4. Qc2 O-O 5. Nf3 d6 6. a3 Bxc3+ 7. Qxc3 Nbd7 8. g3 Qe7 9. Bg2 e5 10. dxe5 dxe5 11. O-O c6 12. b4 Re8 13. Bb2 Ne4 14. Qc2 f5 15. Nh4 Ndf6 16. Nf3 a5 17. c5 axb4 18. axb4 Rxa1 19. Bxa1 Nd5 20. Rb1 Qc7 21. e3 Nef6 22. Qc4 Kh8 23. b5 cxb5 24. Qxb5 h6 25. h3 Kh7 26. Nd2 e4 27. Nc4 Rd8 28. Be5 Qf7 29. Nd6 Qe6 30. Bd4 Rxd6 31. cxd6 Qxd6 32. Rc1 Qf8 33. Qc5 Qxc5 34. Rxc5 Bd7 35. Bxf6 Nxf6 36. Rc7 Bc6 37. Kf1 Nd5 38. Rc8 Kg6 39. Ke1 Kf7 40. Bf1 Ke7 41. Rg8 g5 42. Rg6 Nf6 43. Rxh6 Kf7 44. Rh8 Ng8 45. Bc4+ Kg7 46. Rxg8+ Kf6 47. Rd8 b5 48. Bb3 Ke5 49. h4 gxh4 50. gxh4 f4 51. h5 Kf6 52. Rd6+ Kg7 53. Rxc6 f3 54. Kd2 b4 55. Kc2 Kh7 56. Bd5 Kg7 57. Bxe4 Kf7 58. Bxf3 b3+ 59. Kxb3 Kg7 60. Kc4 Kh7 61. Kd5 Kg7 62. Ke5 Kh7 63. Kf5 Kg7 64. Kg5 Kf8 65. Rc7 Ke8 66. h6 Kd8 67. Rb7 Ke8 68. h7 Kf8 69. h8=Q# 1-0


[Site "https://www.chess.com"]

[Event "Titled Tuesday Blitz March 21 Late 2023"]
[White "Barbosa, Evandro Amorim"]
[Black "Jimenez, Joaquin"]
[WhiteFideId "2115824"]
[BlackFideId "109860"]
[WhiteElo "2439"]
[BlackElo "2163"]
[Result "1-0"]
[Round "01"]
[TimeControl "180+2"]
[Date "2023.03.21"]
[WhiteClock "0:00:38"]
[BlackClock "0:00:32"]

1. e4 e6 2. d3 c5 3. Nf3 Nc6 4. g3 g6 5. Bg2 Bg7 6. O-O Nge7 7. c3 O-O 8. d4 d5 9. e5 f6 10. Re1 fxe5 11. dxe5 Nf5 12. Bf4 b6 13. Na3 Bb7 14. Qd2 Qe7 15. h4 d4 16. Nc4 b5 17. Nd6 Nxd6 18. exd6 Qd7 19. Bh3 Rae8 20. Ng5 Nd8 21. Ne4 Qc6 22. Bg2 e5 23. Nf6+ Bxf6 24. Bxc6 Nxc6 25. Bg5 Bxg5 26. Qxg5 Rf5 27. Qg4 Rd8 28. a4 a6 29. axb5 axb5 30. h5 Rxd6 31. h6 dxc3 32. bxc3 b4 33. Qc4+ Rf7 34. Qxc5 Rdf6 35. Rxe5 Nxe5 36. Qxe5 bxc3 37. Qb8+ Rf8 38. Qxb7 Rxf2 39. Qg7# 1-0


[Site "https://www.chess.com"]